 Dungeon Crawl Stone Soup version 0.29.0-15-g675c0067aa (webtiles) character file.

Game seed: 1002682384737587769

12803 ragingrage the Severer (level 11, -9/138 HPs)
             Began as a Minotaur Berserker on Sept 11, 2022.
             Was a High Priest of Trog.
             Mangled by a two-headed ogre
             ... wielding a +0 giant club
              (18 damage)
             ... on level 2 of the Orcish Mines.
             The game lasted 00:09:02 (14074 turns).

ragingrage the Severer (Minotaur Berserker)        Turns: 14074, Time: 00:09:02

Health: -9/138     AC:  6    Str: 25    XL:     11   Next: 67%
Magic:  10/10      EV: 15    Int:  4    God:    Trog [*****.]
Gold:   1196       SH:  5    Dex: 17    Spells: 10/10 levels left

rFire   . . .      SeeInvis .   z - +3 broad axe
rCold   . . .      Faith    .   C - +0 buckler
rNeg    . . .      Spirit   .   D - +0 troll leather armour
rPois   .          Reflect  .   (helmet restricted)
rElec   .          Harm     .   w - +0 cloak
rCorr   .          Rampage  .   (no gloves)
Will    +....                   (no boots)
Stlth   ..........              H - amulet of the acrobat
HPRegen 1.13/turn               t - ring of willpower
MPRegen 0.12/turn               F - +6 ring of dexterity

@: berserking, very quick
A: horns 2, retaliatory headbutt
a: Renounce Religion, Berserk, Trog's Hand, Brothers in Arms


You were on level 2 of the Orcish Mines.
You worshipped Trog.
Trog was extremely pleased with you.
You visited 3 branches of the dungeon, and saw 13 of its levels.

You collected 1196 gold pieces.

Inventory:

Hand Weapons
 z - a +3 broad axe (weapon)
 G - a +3 antimagic hand axe
 K - a +4 whip
Missiles
 a - 3 boomerangs
 b - 34 poisoned darts
 h - 3 silver boomerangs
 r - a curare-tipped dart (quivered)
 E - 5 javelins
Armour
 v - +0 steam dragon scales
 w - a +0 cloak (worn)
 A - a +0 chain mail
 C - a +0 buckler (worn)
 D - a +0 troll leather armour (worn)
Jewellery
 k - a ring of ice
 t - a ring of willpower (left hand)
 F - a +6 ring of dexterity (right hand)
 H - an amulet of the acrobat (around neck)
 I - a +4 ring of protection
Wands
 j - a wand of digging (2)
 n - a wand of flame (13)
Scrolls
 e - a scroll of magic mapping
 m - 7 scrolls of teleportation
 p - a scroll of summoning {unknown}
 q - 5 scrolls of poison {unknown}
 u - 2 scrolls of immolation {unknown}
 y - 2 scrolls of blinking {unknown}
 B - 3 scrolls of fear {unknown}
 J - 2 scrolls of identify {@rr}
Potions
 c - 5 potions of might
 d - a potion of mutation {unknown}
 f - a potion of resistance {unknown}
 g - 6 potions of curing
 i - 2 potions of heal wounds
 l - 3 potions of lignification
 o - a potion of ambrosia {unknown}
 s - 3 potions of flight {unknown}
 x - a potion of attraction {unknown}


   Skills:
 + Level 7.5 Fighting
 * Level 17.6 Axes
 + Level 7.1 Armour
 + Level 6.4 Dodging
 + Level 4.2 Shields
 + Level 4.8 Evocations


You had 10 spell levels left.
You didn't know any spells.
Your spell library was empty.

Dungeon Overview and Level Annotations

Branches:
Dungeon (10/15)            Temple (0/1) D:6            Lair (1/5) D:9
    Orc (2/2) D:9
    Elf: Orc:2

Altars:
Dithmenos
Fedhas
Gozag
Nemelex Xobeh
Okawaru
Qazlal
Uskayaw
Xom
The Shining One

Shops:
D:2 =   D:6 *

Annotations:
D:9 exclusion: downstairs
D:10 1 transporter, 1 runed translucent door
Orc:1 3 runed translucent doors, burt's ghost, journeyman DrCj


Innate Abilities, Weirdness & Mutations

You have a pair of horns on your head.
You reflexively headbutt those who attack you in melee.


Message History

A two-headed ogre is nearby!
A two-headed ogre is nearby!
A two-headed ogre is nearby!
What are your orders? t - Shout!
Orders for allies: a - Attack new target. r - Retreat! s - Stop attacking. g - Guard the area. f - Follow me.
Anything else - Cancel.
You shout for attention!
The two-headed ogre shouts in stereo!
Found 11 gold pieces.
You throw a curare-tipped dart.
The curare-tipped dart completely misses the two-headed ogre.
You closely miss the two-headed ogre. You headbutt the two-headed ogre.
The two-headed ogre is lightly wounded.
The two-headed ogre hits you with a +0 giant club!
The two-headed ogre hits you with a +0 giant spiked club!!
You hit the two-headed ogre. You headbutt the two-headed ogre!
The two-headed ogre is moderately wounded.
You slash the two-headed ogre! You headbutt the two-headed ogre.
The two-headed ogre is heavily wounded.
The two-headed ogre barely misses you. You furiously retaliate!
You headbutt the two-headed ogre. The two-headed ogre closely misses you.
You hit the two-headed ogre.
The two-headed ogre is heavily wounded.
You hit the two-headed ogre.
You headbutt the two-headed ogre, but do no damage.
The two-headed ogre is severely wounded.
The two-headed ogre hits you with a +0 giant club!!
* * * LOW HITPOINT WARNING * * *
The two-headed ogre hits you with a +0 giant spiked club!
* * * LOW HITPOINT WARNING * * *
You barely miss the two-headed ogre.
The two-headed ogre is severely wounded.
Unknown command.
A red film seems to cover your vision as you go berserk!
You feel yourself moving faster!
You feel mighty! You block the two-headed ogre's attack.
The two-headed ogre hits you with a +0 giant spiked club!!
You die...

..###..)#...#.######.
($....###.....####.##...
.......##.[)..## ##....#
........##.)...## #.....
.......#......# ###..#
#.......#.....# #.###
#..$.......## ### #
######.O......[.# # ##
###...##..@..)....# . #..#
##......##....))...# ##
#.#..#........##........#
#
#.............[..........8
#
..#....).<..[[)..........+
# ###....)..............8#
# ##.......##........### .
##.....##.........# #
##...## .....#...#


You could see a two-headed ogre.

Vanquished Creatures
  2 two-headed ogres
  An orc knight (Orc:2)
  Joseph (D:7)
  A cane toad (Lair:1)
  2 komodo dragons
  3 trolls (D:9)
  Grinder (D:4)
  A wraith (D:9)
  2 humans (D:7)
  2 wyverns (D:9)
  16 yaks
  3 steam dragons
  Duvessa (D:7)
  2 water moccasins
  4 ice beasts
  13 orc warriors
  A sky beast (D:7)
  6 ogres
  3 centaurs
  3 phantoms (D:9)
  3 kobold brigands
  3 bullfrogs
  4 scorpions
  A necrophage (D:6)
  4 troll zombies (D:9)
  Dowan (D:7)
  17 killer bees
  7 howler monkeys
  5 hounds
  A jelly (D:8)
  3 orc priests
  6 iguanas
  6 orc wizards
  4 ogre zombies (D:9)
  A mummy (D:6)
  7 gnolls
  12 adders
  2 white imps
  An ufetubus (D:4)
  3 dart slugs
  41 orcs
  6 bats
  12 endoplasms
  4 giant cockroaches
  4 goblins
  7 hobgoblins
  3 jackals (D:3)
  19 kobolds
  2 quokkas (D:4)
  13 ball pythons
  3 frilled lizards
  A goblin skeleton (D:9)
  5 goblin zombies (D:9)
  A hobgoblin skeleton (D:9)
  A hobgoblin zombie (D:9)
  4 orc skeletons (D:9)
  13 orc zombies (D:9)
  4 rats
302 creatures vanquished.

Vanquished Creatures (others)
  An orc wizard (D:9)
  6 fungi (D:9)
  13 plants (D:9)
20 creatures vanquished.

Grand Total: 322 creatures vanquished

Notes
Turn   | Place    | Note
-------+----------+-------------------------------------------
     0 | D:1      | ragingrage the Minotaur Berserker began the quest for the
                  | Orb.
     0 | D:1      | Reached XP level 1. HP: 19/19 MP: 0/0
   138 | D:1      | Reached skill level 4 in Axes
   677 | D:1      | Reached XP level 2. HP: 26/26 MP: 1/1
  1536 | D:2      | Reached skill level 5 in Axes
  1616 | D:2      | Reached XP level 3. HP: 31/31 MP: 2/2
  2014 | D:2      | Found a faded altar of an unknown god.
  2022 | D:2      | Reached XP level 4. HP: 39/39 MP: 3/3
  2031 | D:2      | Found a shadowy altar of Dithmenos.
  2076 | D:2      | Reached skill level 6 in Axes
  2112 | D:2      | Found Lokhleru's One-of-a-Kind Rings.
  2655 | D:3      | Found a blossoming altar of Fedhas.
  3102 | D:3      | Reached ** piety under Trog
  3103 | D:3      | Reached XP level 5. HP: 43/45 MP: 4/4
  3125 | D:3      | Reached skill level 7 in Axes
  4091 | D:4      | Noticed Grinder
  4098 | D:4      | Killed Grinder
  4099 | D:4      | Reached skill level 9 in Axes
  4099 | D:4      | Reached XP level 6. HP: 51/51 MP: 5/5
  4650 | D:5      | Entered Level 5 of the Dungeon
  4656 | D:5      | Reached XP level 7. HP: 43/57 MP: 6/6
  4657 | D:5      | Reached skill level 10 in Axes
  5207 | D:5      | Noticed a steam dragon
  5228 | D:5      | Killed a steam dragon
  5229 | D:5      | Reached skill level 11 in Axes
  5525 | D:5      | Reached XP level 8. HP: 59/64 MP: 7/7
  5565 | D:5      | Found an opulent altar of Gozag.
  5931 | D:5      | Reached skill level 12 in Axes
  6298 | D:6      | Noticed a two-headed ogre
  6299 | D:6      | Found a staircase to the Ecumenical Temple.
  6304 | D:6      | Killed a two-headed ogre
  6305 | D:6      | Reached skill level 14 in Axes
  6305 | D:6      | Reached XP level 9. HP: 54/70 MP: 8/8
  6770 | D:6      | Found a glowing golden altar of the Shining One.
  7000 | D:6      | Found Hefeoh's General Store.
  7268 | D:7      | Noticed Duvessa
  7268 | D:7      | Noticed Dowan
  7273 | D:7      | Killed Dowan
  7275 | D:7      | Killed Duvessa
  7276 | D:7      | Reached skill level 15 in Axes
  7695 | D:7      | Reached skill level 16 in Axes
  7844 | D:7      | Reached skill level 1 in Evocations
  8200 | D:7      | Noticed Joseph
  8206 | D:7      | Killed Joseph
  8401 | D:7      | Found an iron altar of Okawaru.
  8867 | D:7      | Found a stormy altar of Qazlal.
  8913 | D:8      | Found a hide-covered altar of Uskayaw.
  8935 | D:8      | Reached *** piety under Trog
  8937 | D:8      | Reached XP level 10. HP: 80/80 MP: 9/9
  9079 | D:8      | Found a sparkling altar of Nemelex Xobeh.
  9250 | D:8      | Reached skill level 5 in Fighting
 10162 | D:9      | Found a staircase to the Orcish Mines.
 10553 | D:9      | Reached **** piety under Trog
 10881 | D:9      | Reached skill level 5 in Armour
 10905 | D:9      | Found a staircase to the Lair.
 11552 | D:9      | Found a shimmering altar of Xom.
 11564 | D:9      | Reached skill level 1 in Shields
 11568 | D:9      | Reached skill level 5 in Dodging
 11963 | D:9      | Reached XP level 11. HP: 34/91 MP: 10/10
 12077 | D:10     | Entered Level 10 of the Dungeon
 12107 | D:10     | Noticed a fire dragon
 12114 | D:10     | Noticed a centaur warrior
 12116 | D:10     | Noticed an orc knight
 12138 | D:10     | Found a transporter.
 12184 | D:10     | Noticed a two-headed ogre
 12192 | D:10     | Reached skill level 17 in Axes
 12199 | D:10     | Killed a two-headed ogre
 12269 | D:10     | Noticed a two-headed ogre
 12270 | D:10     | Found a runed translucent door.
 12445 | Lair:1   | Entered Level 1 of the Lair of Beasts
 12849 | Lair:1   | Noticed a six-headed hydra
 12981 | Orc:1    | Entered Level 1 of the Orcish Mines
 13017 | Orc:1    | Noticed an orc sorcerer
 13017 | Orc:1    | Noticed burt's ghost (journeyman DrCj)
 13038 | Orc:1    | Found a runed translucent gate.
 13049 | Orc:1    | Found a runed translucent gate.
 13049 | Orc:1    | Found a runed translucent gate.
 13434 | Orc:2    | Entered Level 2 of the Orcish Mines
 13501 | Orc:2    | Reached ***** piety under Trog
 13725 | Orc:2    | Noticed an orc knight
 13734 | Orc:2    | Killed an orc knight
 14061 | Orc:2    | Noticed a two-headed ogre
 14072 | Orc:2    | HP: 4/92 [two-headed ogre/+0 giant club (17)]
 14074 | Orc:2    | Mangled by a two-headed ogre

Illustrated notes

Levels and vault maps discovered:
D:1:      minmay_arrival_shoal_huts, layout_basic, roderic_lattice_a
D:2:      layout_loops_ring, dreamdust_ecumenical_altar_angels_and_demons,
          basic_altar, nicolae_shop_unique_rings, corexii_leaking_fountain,
          minmay_octomino_c4
D:3:      layout_basic, fedhas_altar_1, minmay_snake_closets
D:4:      layout_basic, uniq_grinder
D:5:      layout_gridville, grunt_gozag_statues
D:6:      layout_basic, tso_altar, minmay_temple_entry_antechambers,
          serial_shops, nicolae_shop_window_shopping, gup_ossuary_entry_pyramid,
          serial_corexii_hall, corexii_hall_statues_l, corexii_hall_statues_l
D:7:      layout_basic, okawaru_humans, mainiacjoe_overflow_alcove_4,
          uniq_duvessa, uniq_joseph
D:8:      layout_loops_cross, nicolae_overflow_hidden_temple,
          nemelex_spade_bored_becter
D:9:      layout_roguey, xom_butterflies, dpeg_oklobed_lair, zombieorc2_lemuel,
          minmay_lizard_king
D:10:     gammafunk_the_bubble [the_bubble_gammafunk_crates], layout_loops_ring,
          minmay_st_funbox, minivault_21, serial_bayou_lake_a
Lair:1:   layout_cave_pods, grunt_megastairs_5
Orc:1:    layout_diamond_mine, gammafunk_ghost_split
Orc:2:    pubby_orc_utopia, serial_shops

Skill      XL: |  1  2  3  4  5  6  7  8  9 10 11 |
---------------+----------------------------------+-----
Axes           | 4 5 6 9 11 14 16 17 | 17.6
Fighting       | 4 6 7 |  7.5
Armour         | 3 6 7 |  7.1
Evocations     | 2 3 4 |  4.8
Dodging        | 3 5 6 |  6.4
Shields        | 2 4 |  4.2

Action                   |  1- 3 |  4- 6 |  7- 9 | 10-12 || total
-------------------------+-------+-------+-------+-------++-------
Melee: Hand axe          |    83 |   144 |       |       ||   227
       Headbutt          |     7 |    16 |    26 |    74 ||   123
       Punch             |     1 |     1 |       |     2 ||     4
       War axe           |       |    20 |   166 |       ||   186
       Broad axe         |       |       |       |   412 ||   412
Throw: Dart              |       |       |     5 |     1 ||     6
Invok: Berserk           |     2 |     3 |     4 |     4 ||    13
       Trog's Hand       |       |     1 |       |       ||     1
  Use: Scroll            |       |       |    10 |     5 ||    15
       Potion            |       |       |     1 |       ||     1
 Stab: Sleeping          |       |       |     1 |       ||     1
       Distracted        |       |       |       |     1 ||     1
Armor: Scale mail        |    37 |    74 |     7 |       ||   118
       Steam dragon scal |       |       |    28 |    45 ||    73
       Troll leather arm |       |       |       |    19 ||    19
Dodge: Dodged            |    45 |    98 |    89 |   209 ||   441
Block: Buckler           |       |       |       |    41 ||    41
